 Dungeon Crawl Stone Soup version 0.20.0-15-g7f486f2 (console) character file.

44 removed the Ducker (level 3, -1/16 HPs)
             Began as a Spriggan Necromancer on June 9, 2017.
             Slain by an adder (3 damage)
             ... on level 2 of the Dungeon.
             The game lasted 00:02:35 (2113 turns).

removed the Ducker (Spriggan Necromancer)           Turns: 2113, Time: 00:02:36

Health: -1/16      AC:  2    Str:  5    XL:     3   Next: 41%
Magic:  1/8        EV: 19    Int: 16    God:
Gold:   103        SH:  0    Dex: 16    Spells: 6/7 levels left

rFire    . . .     SeeInvis +   a - +0 trident
rCold    . . .     Gourm    .   (shield currently unavailable)
rNeg     . . .     Faith    .   q - +0 robe
rPois    .         Spirit   .   (helmet restricted)
rElec    .         Reflect  .   (no cloak)
rCorr    +         Harm     .   (gloves unavailable)
MR       .....                  (boots unavailable)
Stlth    ++........             (no amulet)
Regen    0.1/turn               g - ring of resist corrosion
MPRegen  0.2/turn               (no ring)

@: lethally poisoned (-1 -> -4), heavily drained, very quick
A: unfitting armour, see invisible, herbivore 3, speed 3, slow metabolism 2
a: no special abilities


You were on level 2 of the Dungeon.
You were not hungry.

You visited 1 branch of the dungeon, and saw 2 of its levels.

You collected 103 gold pieces.

Inventory:

Hand Weapons
 a - a +0 trident (weapon)
 d - a +0 short sword
Armour
 q - a +0 robe (worn)
Jewellery
 g - a ring of resist corrosion (left hand)
 v - an uncursed amulet of harm
Scrolls
 h - 3 scrolls of remove curse {unknown}
 j - a scroll of immolation {unknown}
 k - a scroll of enchant weapon {unknown}
 l - 2 scrolls of identify {unknown}
 s - a scroll of magic mapping {unknown}
 t - a scroll of fog {unknown}
Potions
 i - 2 potions of curing {unknown}
 m - a potion of heal wounds {unknown}
 n - a potion of resistance {unknown}
 o - a potion of mutation {unknown}
 p - a potion of flight {unknown}
 r - a potion of degeneration {unknown}
 u - a potion of lignification {unknown}
Books
 b - a book of Necromancy

   Spells                             Type                      Level
   a - Pain                           Necromancy                   1
   b - Animate Skeleton               Necromancy                   1
   c - Vampiric Draining              Necromancy                   3
   d - Regeneration                   Charms/Necromancy            3
   e - Animate Dead                   Necromancy                   4
   f - Control Undead                 Necromancy                   4
Comestibles
 c - 3 bread rations
 f - 4 fruits


   Skills:
 + Level 5.7(3.9) Dodging
 - Level 3.0(1.3) Stealth
 - Level 2.6(1.0) Spellcasting
 - Level 3.6(1.9) Necromancy


You had 6 spell levels left.
You knew the following spells:

 Your Spells              Type           Power        Failure   Level  Hunger
a - Pain                  Necr           #...         11%         1    ##.....


Dungeon Overview and Level Annotations

Branches:
Dungeon (2/15)

Altars:


Innate Abilities, Weirdness & Mutations

You are very small and have problems with some larger weapons.
You are too small for most types of armour.
You have supernaturally acute eyesight. (SInv)
You are a herbivore.
You cover ground extremely quickly.
You need consume almost no food.


Message History

Aiming: Pain
Press: ? - help, Shift-Dir - straight line, f/p - adder
Aim: an adder (chance to defeat MR: 60%)
The adder writhes in agony!
The adder barely misses you.
Casting: Pain
Confirm with . or Enter, or press ? or * to list all spells.
Aiming: Pain
Press: ? - help, Shift-Dir - straight line, f/p - adder
Aim: an adder (lightly wounded, chance to defeat MR: 60%)
The adder writhes in agony!
* * * LOW HITPOINT WARNING * * *
You feel sick. The adder bites you but does no damage.
Unknown command.
Casting: Pain
Confirm with . or Enter, or press ? or * to list all spells.
Aiming: Pain
Press: ? - help, Shift-Dir - straight line, f/p - adder
Aim: an adder (heavily wounded, chance to defeat MR: 60%)
The adder writhes in agony!
The adder bites you.
You die...

.....>...###.##.......#.......#
......)....#.#####....###########
...........#...[....>## #......#
...........#######.#######.####.#
.................#.........#....#
#...###+#.####.............#.####
#...# #.#......#.##........#.#
#...# #.#####..#S#.........#.#
#...# #.# #..#@#.#########.#
#...# #.# #......#########.####
##### #.#####.##...........#.....
#######........###########.######
#...................#<.....#
#.#################.########
#.#...............#.#
#.#.#####..######.#.#
#.#.#...........#.#.# #######


You could see an adder.

Vanquished Creatures
  2 adders (D:2)
  2 leopard geckos
  5 bats
  2 giant cockroaches
  6 goblins
  2 hobgoblins (D:1)
  3 frilled lizards (D:1)
  2 kobolds (D:1)
24 creatures vanquished.

Notes
Turn   | Place    | Note
-------+----------+-------------------------------------------
     0 | D:1      | removed the Spriggan Necromancer began the quest for the Orb.
     0 | D:1      | Reached XP level 1. HP: 9/9 MP: 5/5
   268 | D:1      | Reached skill level 4 in Dodging
   477 | D:1      | Reached XP level 2. HP: 4/13 MP: 4/6
  1539 | D:2      | Reached skill level 5 in Dodging
  1539 | D:2      | Reached XP level 3. HP: 13/16 MP: 2/8
  2113 | D:2      | Slain by an adder

Skill      XL: |  1  2 |
---------------+-------+-----
Dodging        | 4 5 |  5.7
Stealth        | |  3.0
Spellcasting   | |  2.6
Necromancy     | |  3.6

Action                   || total
-------------------------++-------
Melee: Short sword       ||    42
       Trident           ||     2
 Cast: Pain              ||    35
 Stab: Sleeping          ||     3
Armor: Robe              ||     8
Dodge: Dodged            ||    68
